 Dungeon Crawl Stone Soup version 0.27.0-1-g7a089689b8 (webtiles) character file.

Game seed: 5284357705825075088

36 sakkuzi the Chopper (level 3, -2/33 HPs)
             Began as a Minotaur Berserker on Aug 10, 2021.
             Was a Believer of Trog.
             Slain by Sigmund (3 damage)
             ... on level 2 of the Dungeon.
             The game lasted 00:08:24 (1443 turns).

sakkuzi the Chopper (Minotaur Berserker)            Turns: 1443, Time: 00:08:25

Health: -2/33      AC:  7    Str: 22    XL:     3   Next: 19%
Magic:  2/2        EV: 10    Int:  4    God:    Trog [**....]
Gold:   112        SH:  0    Dex:  9    Spells: 2/2 levels left

rFire    . . .     SeeInvis .   a - +1 hand axe
rCold    . . .     Faith    .   (no shield)
rNeg     . . .     Spirit   .   c - +1 scale mail
rPois    .         Reflect  .   (helmet restricted)
rElec    .         Harm     .   (no cloak)
rCorr    .         Rampage  .   (no gloves)
Will     .....                  (no boots)
Stlth    ..........             (no amulet)
HPRegen  0.11/turn              (no ring)
MPRegen  0.08/turn              (no ring)

@: confused, lethally poisoned (-2 -> -21), on berserk cooldown, slowed, very
slow
A: horns 2, retaliatory headbutt
a: Renounce Religion, Berserk, Trog's Hand


You were on level 2 of the Dungeon.
You worshipped Trog.
Trog was pleased with you.
You visited 1 branch of the dungeon, and saw 2 of its levels.

You collected 112 gold pieces.

Inventory:

Hand Weapons
 a - a +1 hand axe (weapon)
 d - a +1 short sword of protection
Missiles
 e - 20 bolts
 j - 5 atropa-tipped darts (quivered)
Armour
 b - a +0 animal skin
 c - a +1 scale mail (worn)
Magical Staves
 i - a staff of cold
Scrolls
 g - a scroll of teleportation
Potions
 f - a potion of cancellation {unknown}
 h - a potion of brilliance {unknown}


   Skills:
 + Level 4.2 Fighting
 + Level 4.3 Axes
 * Level 2.8 Armour
 * Level 2.4 Dodging


You had 2 spell levels left.
You didn't know any spells.
Your spell library contained the following spells:

 Spells                   Type           Power      Damage    Failure   Level
 Blink                    Tloc           N/A        N/A       92%         2
 Call Canine Familiar     Summ           0%         N/A       99%         3
 Portal Projectile        Hex/Tloc       0%         N/A       99%         3
 Leda's Liquefaction      Hex/Erth       0%         N/A       100%        4
 Manifold Assault         Tloc           0%         N/A       100%        5
 Storm Form               Tmut/Air       0%         N/A       100%        7


Dungeon Overview and Level Annotations

Branches:
Dungeon (2/15)

Altars:
Vehumet

Annotations:
D:2 Sigmund


Innate Abilities, Weirdness & Mutations

You have a pair of horns on your head.
You reflexively headbutt those who attack you in melee.


Message History

You kill the hobgoblin!
Trog accepts your kill.
Sigmund the Dreaded comes into view.
He is wielding a +1 scythe of venom and wearing a +2 robe of resistance.
Sigmund casts a spell at you. You resist with significant effort.
Found a yellow potion.
Sigmund closely misses you.
A red film seems to cover your vision as you go berserk!
You feel yourself moving faster!
You feel mighty! Sigmund gestures at you while chanting.
You are confused.
You feel a strong urge to attack something.
You closely miss Sigmund. Your headbutt misses Sigmund.
Sigmund hits you with a +1 scythe of venom!
Sigmund hits you from afar with a +1 scythe of venom!
You are poisoned.
You feel a strong urge to attack something.
You feel sick.
You closely miss Sigmund. Your headbutt misses Sigmund.
You feel sick.
Sigmund points at you and mumbles some strange words.
You are more confused.
You feel sick. Sigmund gestures at you while chanting.
You resist with significant effort.
You feel a strong urge to attack something.
You feel sick.
You are no longer berserk.
You are exhausted.
You feel yourself slow down.
You feel sick. Sigmund closely misses you.
You feel sick.
Sigmund hits you from afar with a +1 scythe of venom.
You are lethally poisoned!
Sigmund hits you from afar with a +1 scythe of venom.
* * * LOW HITPOINT WARNING * * *
You are more poisoned.
You're too confused to move!
* * * LOW HITPOINT WARNING * * *
You feel extremely sick.
Sigmund hits you from afar with a +1 scythe of venom.
You die...

....##......†..##### .
....##.#...#.......# #
....'..###.#.#####.#
....#### #.#.....#.#
......# #.#####.#.#
......# #######...#
......# #.!@..###
...#### #.#....# ..
...... ....# #..@.# #
#. #..... ....##
+....###.#. #.....
.....# #....+...#.
#..... .....#
......###...####.....
.....##
#######....#....+.....
........
#.........##.....
........
#..........'.....
.........
#..........#.....
.........#
#..........#.....


You could see Sigmund.

Vanquished Creatures
  A worm (D:2)
  3 ball pythons
  An endoplasm (D:2)
  A giant cockroach (D:2)
  5 goblins
  A hobgoblin (D:2)
  6 kobolds
  3 quokkas (D:1)
  3 bats (D:1)
  5 frilled lizards
  4 rats
33 creatures vanquished.

Notes
Turn   | Place    | Note
-------+----------+-------------------------------------------
     0 | D:1      | sakkuzi the Minotaur Berserker began the quest for the Orb.
     0 | D:1      | Reached XP level 1. HP: 19/19 MP: 0/0
   200 | D:1      | Reached XP level 2. HP: 24/27 MP: 1/1
  1030 | D:2      | Reached ** piety under Trog
  1104 | D:2      | Reached XP level 3. HP: 20/33 MP: 2/2
  1238 | D:2      | Found a radiant altar of Vehumet.
  1362 | D:2      | Found a faded altar of an unknown god.
  1431 | D:2      | Noticed Sigmund
  1443 | D:2      | HP: 1/33 [poisoned by Sigmund]
  1443 | D:2      | Slain by Sigmund

Illustrated notes

Levels and vault maps discovered:
D:1:      mrwooster_arrival_statue_3, layout_loops_corners
D:2:      layout_basic, hellmonk_ecumenical_altar_arch_garden, basic_altar,
          wad_floor_pattern_1, uniq_sigmund, uniq_terence

Skill      XL: |  1  2 |
---------------+-------+-----
Fighting       | 4 |  4.2
Axes           | 4 |  4.3
Armour         | |  2.8
Dodging        | |  2.4

Action                   || total
-------------------------++-------
Melee: Hand axe          ||    64
       Headbutt          ||     9
Invok: Berserk           ||     1
  Use: Scroll            ||     5
Armor: Animal skin       ||     1
       Scale mail        ||    23
Dodge: Dodged            ||    27
